 Dungeon Crawl Stone Soup version 0.27-a0-668-gb5737ff2c0 (webtiles) character file.

Game seed: 1302711752354483616

817 tilp the Skirmisher (level 7, -11/53 HPs)
             Began as an Octopode Transmuter on Mar 17, 2021.
             Was an Initiate of Okawaru.
             Mangled by an orc warrior
             ... wielding a +0 mace
              (23 damage)
             ... on level 5 of the Dungeon.
             The game lasted 00:09:34 (8375 turns).

tilp the Skirmisher (Octopode Transmuter)           Turns: 8375, Time: 00:09:34

Health: -11/53     AC:  1    Str: 10    XL:     7   Next: 94%
Magic:  10/10      EV: 13    Int: 17    God:    Okawaru [......]
Gold:   333        SH:  0    Dex: 12    Spells: 2/10 levels left

rFire    . . .     SeeInvis +     - Unarmed
rCold    . . .     Faith    .   (no shield)
rNeg     . . .     Spirit   .   (helmet restricted)
rPois    .         Reflect  .   (no amulet)
rElec    .         Harm     .   d - ring of see invisible
rCorr    +         Rampage  .   a - ring of resist corrosion
Will     .....                  (no ring)
Stlth    +++.......             (no ring)
HPRegen  0.17/turn              (no ring)
MPRegen  0.12/turn              (no ring)
                                (no ring)
                                (no ring)

@: studying Fighting
A: almost no armour, amphibious, 8 rings, camouflage 1, gelatinous body 1,
nimble swimmer 1, tentacles
a: Renounce Religion


You were on level 5 of the Dungeon.
You worshipped Okawaru.
Okawaru was noncommittal.
You visited 2 branches of the dungeon, and saw 7 of its levels.

You collected 333 gold pieces.

Inventory:

Missiles
 g - 43 stones
 h - 5 poisoned darts (quivered)
Jewellery
 a - a ring of resist corrosion (right tentacle)
 d - a ring of see invisible (left tentacle)
Wands
 l - a wand of random effects (12)
Scrolls
 c - a scroll of fog
 i - a scroll of magic mapping
 n - a scroll of amnesia
Potions
 b - a potion of brilliance {unknown}
 e - a potion of curing
 f - a potion of haste {unknown}
 j - a potion of attraction {unknown}
 m - 2 potions of flight
 o - a potion of heal wounds {unknown}


   Skills:
 + Level 6.9 Fighting
 - Level 2.0 Dodging
 - Level 4.0 Stealth
 - Level 6.0 Unarmed Combat
 - Level 2.0 Spellcasting
 - Level 2.0 Transmutations
 + Level 2.3 Invocations


You had 2 spell levels left.
You knew the following spells:

 Your Spells              Type           Power      Damage    Failure   Level
a - Beastly Appendage     Tmut           16%        N/A       9%          1
b - Wereblood             Tmut           8%         N/A       13%         2
c - Spider Form           Tmut/Pois      2%         N/A       36%         3
d - Blink                 Tloc           N/A        N/A       28%         2

Your spell library contained the following spells:

 Spells                   Type           Power      Damage    Failure   Level
 Magic Dart               Conj           4%         1d3       19%         1
 Call Imp                 Summ           1%         N/A       28%         2
 Slow                     Hex            1%         N/A       28%         2
 Conjure Flame            Conj/Fire      1%         6-21      50%         3
 Mephitic Cloud           Conj/Pois/Air  1%         N/A       50%         3
 Ice Form                 Ice/Tmut       5%         N/A       77%         4
 Blade Hands              Tmut           4%         N/A       93%         5


Dungeon Overview and Level Annotations

Branches:
Dungeon (6/15)             Temple (1/1) D:5

Altars:
Ashenzari
Dithmenos
Elyvilon
Fedhas
Gozag
Hepliaklqana
Kikubaaqudgha
Makhleb
Okawaru
Qazlal
Ru
Sif Muna
Trog
Uskayaw
Vehumet
Wu Jian
Xom
Yredelemnul
Zin
The Shining One

Annotations:
D:5 exclusion: ice beast
D:6 Prince Ribbit


Innate Abilities, Weirdness & Mutations

You cannot wear most types of armour.
You are amphibious.
You can wear up to eight rings at the same time.
Your skin changes colour to match your surroundings (Stealth+).
Your rubbery body absorbs attacks. (AC +1, EV +1)
You are stealthy while swimming. (Stealth+)
You have tentacles for arms and can constrict up to eight enemies at once.


Message History

Found a scroll labelled HOSESYOMOEP.
You see here a water moccasin skeleton.
k - a scroll labelled HOSESYOMOEP You now have 333 gold pieces (gained 11).
Found 15 stones.
l - a wand of random effects (14) 2 orc priests, an orc wizard and an ogre come into view.
An orc priest is wielding a +2 war axe of venom.
Unknown command.
The orc warrior shouts!
You hear a shout!
There is a stone staircase leading up here.
The orc warrior barely misses you.
You climb upwards.
Level annotation: exclusion: ice beast
There is a stone staircase leading down here.
Unknown command.
The orc warrior closely misses you.
Aiming: Random Effects
Press: ? - help, Shift-Dir - straight line, f - orc warrior
Aim: an orc warrior, wielding a +0 mace and wearing a +0 chain mail The orc warrior resists with some effort.
The orc warrior closely misses you.
Aiming: Random Effects
Press: ? - help, Shift-Dir - straight line, f/p - orc warrior
Aim: an orc warrior, wielding a +0 mace and wearing a +0 chain mail The orc warrior seems to speed up.
The orc warrior closely misses you. The orc warrior barely misses you.
Unknown command.
There is a stone staircase leading up here.
The orc warrior hits you with a +0 mace.
As you read the scroll labelled HOSESYOMOEP, it crumbles to dust.
The creatures around you are filled with an inner flame!
It was a scroll of immolation.
The orc warrior barely misses you.
Unknown command.
The orc warrior barely misses you.
The orc warrior hits you with a +0 mace!
The orc warrior hits you with a +0 mace!!
* * * LOW HITPOINT WARNING * * *
The orc warrior hits you with a +0 mace!!
You die...

#....## #.##.... #.####
#.##.### #.# #.##.# #.#
#.##.### #.# #.##.... #.#
#.##.### #####.##### #.####
# #.........##############.#
#
###.>...<......o@..........#
#
.....##.###.##.#############
# #######.##...#.# #
#######.##.....#
........##...###
.############# .# ##


You could see an orc warrior (fast, inner flame).

Vanquished Creatures
  A water moccasin (D:6)
  2 bullfrogs (D:6)
  A howler monkey (D:4)
  5 hounds
  An orc priest (D:3)
  A centaur skeleton (D:5)
  An orc wizard (D:5)
  3 worker ants
  A howler monkey zombie (D:5)
  8 adders
  A shadow imp (D:6)
  2 white imps (D:5)
  2 ufetubi
  2 oozes
  2 worms (D:2)
  2 dart slugs
  8 leopard geckos
  15 orcs
  8 bats
  2 giant cockroaches
  7 goblins
  7 hobgoblins
  3 jackals (D:5)
  2 quokkas
  A ball python (D:1)
  10 frilled lizards
  2 jackal skeletons (D:5)
  8 kobolds
  A leopard gecko skeleton (D:5)
  A quokka skeleton (D:4)
  5 rats
115 creatures vanquished.

Vanquished Creatures (others)
  15 fungi (D:5)
15 creatures vanquished.

Grand Total: 130 creatures vanquished

Notes
Turn   | Place    | Note
-------+----------+-------------------------------------------
     0 | D:1      | tilp the Octopode Transmuter began the quest for the Orb.
     0 | D:1      | Reached XP level 1. HP: 13/13 MP: 3/3
   143 | D:1      | Reached skill level 1 in Stealth
   347 | D:1      | Reached XP level 2. HP: 18/18 MP: 3/5
  1076 | D:1      | Reached XP level 3. HP: 23/23 MP: 4/6
  1256 | D:1      | Learned a level 2 spell: Wereblood
  1740 | D:2      | Reached XP level 4. HP: 23/29 MP: 4/7
  2167 | D:2      | You fall into a shaft and drop 2 floors!
  2252 | D:4      | Found an ancient bone altar of Kikubaaqudgha.
  2430 | D:4      | Reached XP level 5. HP: 37/37 MP: 6/8
  2935 | D:2      | Found an ornate altar of the Wu Jian Council.
  3172 | D:3      | Found a shadowy altar of Dithmenos.
  4040 | D:3      | Found a hazy altar of Hepliaklqana.
  4585 | D:4      | Reached XP level 6. HP: 38/43 MP: 7/9
  5048 | D:4      | Found a burning altar of Makhleb.
  5052 | D:4      | Noticed an Executioner
  5054 | D:4      | Found a glowing silver altar of Zin.
  5055 | D:4      | Noticed an angel
  5329 | D:4      | Reached skill level 5 in Unarmed Combat
  5617 | D:4      | Identified a scroll of acquirement
  5617 | D:4      | Acquired a manual of Fighting
  5684 | D:5      | Entered Level 5 of the Dungeon
  5876 | D:5      | Found a radiant altar of Vehumet.
  5935 | D:5      | Reached XP level 7. HP: 44/49 MP: 8/10
  6010 | D:5      | Found a white marble altar of Elyvilon.
  6218 | D:5      | Identified the +1 dagger of Jeap {vorpal, Dex+7}
  6393 | D:5      | Found a staircase to the Ecumenical Temple.
  6449 | Temple   | Entered the Ecumenical Temple
  6685 | Temple   | Became a worshipper of Warmaster Okawaru
  6890 | D:5      | Reached skill level 5 in Fighting
  6986 | D:5      | Found a stormy altar of Qazlal.
  7626 | D:6      | Reached skill level 1 in Invocations
  7898 | D:6      | Noticed Prince Ribbit
  7929 | D:6      | Learned a level 2 spell: Blink
  7933 | D:6      | Learned a level 3 spell: Spider Form
  8375 | D:5      | Mangled by an orc warrior

Illustrated notes

Levels and vault maps discovered:
D:1:      dpeg_arrival_round_b, layout_basic, st_stairs_1
D:2:      layout_rooms, overflow_temple_1_default
D:3:      layout_loops_ring, marbit_many_paths, chequers_serial_rivers_large_b,
          nicolae_dithmenos_shadow_blocks
D:4:      layout_basic, grunt_temple_overflow_order_and_chaos_2,
          nicolae_kikubaaqudgha_miasma_corner
D:5:      layout_loops_ring, overflow_temple_1_default, kennysheep_mini,
          temple_doors_ab, serial_aquarium, aquarium_bridge_square
          [aquarium_subvault_wall, aquarium_subvault_bridge,
          aquarium_subvault_balcony, aquarium_subvault_bridge],
          aquarium_window_3, aquarium_window_2, aquarium_window_fake,
          aquarium_window_corner, aquarium_view_2e, aquarium_balcony_3b,
          aquarium_pool_2, elyvilon_altar_5
D:6:      layout_basic, ebering_ghost_reflecting_pool, minmay_bent,
          uniq_prince_ribbit1, uniq_duvessa
Temple:   nicolae_temple_figure_eight

Skill      XL: |  1  2  3  4  5  6  7 |
---------------+----------------------+-----
Stealth        | 2 3 4 |  4.0
Fighting       | 2 3 4 6 |  6.9
Unarmed Combat | 4 5 6 |  6.0
Invocations    | 2 |  2.3
Dodging        | |  2.0
Spellcasting   | |  2.0
Transmutations | |  2.0

Action                   |  1- 3 |  4- 6 |  7- 9 || total
-------------------------+-------+-------+-------++-------
Melee: Unarmed           |    85 |   120 |    51 ||   256
       Constrict         |    26 |    34 |    13 ||    73
       Tentacles         |    13 |    24 |    10 ||    47
       Kick              |     4 |    20 |    10 ||    34
       Punch             |       |     2 |     1 ||     3
Throw: Stone             |     5 |     3 |       ||     8
       Dart              |       |    17 |     5 ||    22
 Cast: Beastly Appendage |     8 |    26 |    13 ||    47
       Wereblood         |     2 |     4 |     4 ||    10
Evoke: Wand              |       |       |     2 ||     2
  Use: Scroll            |     3 |     4 |     3 ||    10
       Potion            |       |     1 |       ||     1
 Stab: Sleeping          |     5 |    12 |     6 ||    23
       Distracted        |     1 |       |       ||     1
Armor: Skin              |    15 |     3 |     1 ||    19
Dodge: Dodged            |    64 |    56 |    29 ||   149

Table legend: (Time is in decaauts)
 A = Elapsed time spent in this place.
 B = Non-inter-level travel time spent in this place.
 C = Inter-level travel time spent in this place.
 D = Time resting spent in this place.
 E = Time spent auto-exploring this place.
 F = Levels seen in this place.
 G = Mean time per level.
                   A        B        C        D        E       F      G
               +--------+--------+--------+--------+--------+-----+--------+
         Total |   8360 |   7843 |    517 |   1631 |   5107 |   7 | 1194.3 |
       Dungeon |   8093 |   7634 |    459 |   1631 |   4900 |   6 | 1348.8 |
        Temple |    267 |    209 |     58 |      0 |    207 |   1 |  267.0 |
               +--------+--------+--------+--------+--------+-----+--------+

Top non-repeatable levels by time:
     D:5: 2050 daAuts
     D:4: 1899 daAuts
     D:1: 1578 daAuts
     D:3: 1432 daAuts
     D:2: 765 daAuts
     D:6: 366 daAuts
  Temple: 267 daAuts
